 Dungeon Crawl Stone Soup version 0.21-a0-221-gfe971b9 (webtiles) character file.

240 tof the Chopper (level 5, -7/47 HPs)
             Began as a Minotaur Berserker on Aug 24, 2017.
             Was a Believer of Trog.
             Mangled by Crazy Yiuf
             ... wielding a +2 quarterstaff of chaos
              (19 damage)
             ... on level 2 of the Dungeon.
             The game lasted 00:03:36 (2471 turns).

tof the Chopper (Minotaur Berserker)                Turns: 2471, Time: 00:03:36

Health: -7/47      AC:  2    Str: 22    XL:     5   Next: 80%
Magic:  4/4        EV: 13    Int:  5    God:    Trog [**....]
Gold:   82         SH:  0    Dex:  9    Spells: 4/4 levels left

rFire    . . .     SeeInvis .   p - +0 scythe (venom)
rCold    . . .     Gourm    .   (shield currently unavailable)
rNeg     . . .     Faith    .   b - +0 animal skin
rPois    .         Spirit   .   (helmet restricted)
rElec    .         Reflect  .   (no cloak)
rCorr    .         Harm     .   (no gloves)
MR       .....                  (no boots)
Stlth    +.........             (no amulet)
HPRegen  0.15/turn              (no ring)
MPRegen  0.09/turn              (no ring)

@: no status effects
A: retaliatory headbutt, horns 2
a: Berserk, Trog's Hand, Burn Spellbooks, Renounce Religion


You were on level 2 of the Dungeon.
You worshipped Trog.
Trog was pleased with you.
You were not hungry.

You visited 1 branch of the dungeon, and saw 2 of its levels.

You collected 82 gold pieces.

Inventory:

Hand Weapons
 a - a +0 hand axe
 p - a +0 scythe of venom (weapon)
Armour
 b - a +0 animal skin (worn)
Jewellery
 l - an uncursed ring of fire {unknown}
Scrolls
 d - a scroll of enchant armour {unknown}
 e - 3 scrolls of amnesia {unknown}
 g - a scroll of remove curse {unknown}
 k - a scroll of magic mapping {unknown}
 o - a scroll of identify {unknown}
Potions
 f - 3 potions of curing {unknown}
 i - a potion of haste {unknown}
 j - a potion of lignification {unknown}
 n - a potion of flight {unknown}
 q - a potion of heal wounds {unknown}
Comestibles
 c - 2 bread rations
 h - a fruit
 m - 2 meat rations
 r - a royal jelly


   Skills:
 + Level 4.7 Fighting
 * Level 5.5 Axes
 * Level 4.6 Armour
 + Level 3.1 Dodging


You had 4 spell levels left.
You didn't know any spells.

Dungeon Overview and Level Annotations

Branches:
Dungeon (2/15)

Altars:

Annotations:
D:2 Crazy Yiuf


Innate Abilities, Weirdness & Mutations

You reflexively headbutt those who attack you in melee.
You have a pair of horns on your head.


Message History

You open the door.
Crazy Yiuf the Enlightened comes into view.
He is wielding a quarterstaff of chaos.
Found a mace.
Crazy Yiuf shouts!
There is an open door here.
Crazy Yiuf cries, "Iron pizzabubble Xom!"
Crazy Yiuf closely misses you.
You closely miss Crazy Yiuf.
Crazy Yiuf hits you with a quarterstaff of chaos!
You slash Crazy Yiuf!
Crazy Yiuf is heavily wounded.
Crazy Yiuf cries, "Cod shoe water!"
Crazy Yiuf hits you with a quarterstaff of chaos!
Crazy Yiuf hits you with a quarterstaff of chaos.
You barely miss Crazy Yiuf. Your headbutt misses Crazy Yiuf.
Crazy Yiuf is heavily wounded.
Crazy Yiuf hits you with a quarterstaff of chaos!
* * * LOW HITPOINT WARNING * * *
You are electrocuted!
You die...

#.......#
##############
#.......#
.............#
#.......#
....##########
##......# ###)#
#......#
###.#########
#......#
.......#..#.########
#..#####
...........#..##...#
#..#
.........#####.'@g.#
#..# ..(....#.#
###..)# #..#
......#### #####
#..# .(....# #..#
###### ......# #..#
#...)# ......###
#######รท###....##
........#
#...................
.)......#
#..#...#....##....##
.().....# #..##
#....##....#


You could see Crazy Yiuf.

Vanquished Creatures
  Sigmund (D:2)
  Robin (D:2)
  2 adders (D:2)
  2 worms (D:2)
  2 dart slugs (D:1)
  A leopard gecko (D:2)
  A ball python (D:2)
  5 bats
  2 giant cockroaches
  10 goblins
  11 hobgoblins
  A quokka (D:2)
  3 frilled lizards
  6 kobolds
  4 rats
52 creatures vanquished.

Notes
Turn   | Place    | Note
-------+----------+-------------------------------------------
     0 | D:1      | tof the Minotaur Berserker began the quest for the Orb.
     0 | D:1      | Reached XP level 1. HP: 19/19 MP: 0/0
    88 | D:1      | Reached XP level 2. HP: 16/27 MP: 1/1
   863 | D:1      | Reached skill level 4 in Axes
  1042 | D:2      | Reached XP level 3. HP: 33/33 MP: 2/2
  1236 | D:2      | Noticed Robin
  1252 | D:2      | Reached ** piety under Trog
  1254 | D:2      | Killed Robin
  1534 | D:2      | Reached XP level 4. HP: 25/40 MP: 3/3
  1866 | D:2      | Noticed Sigmund
  1873 | D:2      | Killed Sigmund
  1873 | D:2      | Reached skill level 5 in Axes
  1873 | D:2      | Reached XP level 5. HP: 47/47 MP: 4/4
  2462 | D:2      | Found a runed door.
  2466 | D:2      | Noticed Crazy Yiuf
  2471 | D:2      | Mangled by Crazy Yiuf

Vault maps used:
D:1:      saegor_arrival_simple_e, fountainhead
D:2:      first_bread, uniq_crazy_yiuf_cottage, uniq_sigmund, uniq_robin

Skill      XL: |  1  2  3  4 |
---------------+-------------+-----
Armour         | 3 4 |  4.6
Axes           | 4 5 |  5.5
Fighting       | 4 |  4.7
Dodging        | 3 |  3.1

Action                   |  1- 3 |  4- 6 || total
-------------------------+-------+-------++-------
Melee: Hand axe          |    75 |    20 ||    95
       Headbutt          |     9 |     6 ||    15
       Scythe            |       |    19 ||    19
Invok: Berserk           |     1 |     1 ||     2
 Stab: Sleeping          |       |     1 ||     1
  Eat: Chunk             |     1 |     1 ||     2
       Bread ration      |     1 |       ||     1
Armor: Animal skin       |    10 |     4 ||    14
Dodge: Dodged            |    50 |    17 ||    67

Table legend:
 A = Spawn XP
 B = Non-spawn XP
 C = Spawn XP percentage of total XP
 D = Spawn monster count
 E = Non-spawn monster count
 F = Spawn count percentage of total count
 G = Total turns spent on level
                    A         B        C        D         E        F      G
               +---------+---------+-------+---------+---------+-------+---------
         Total |       8 |     336 |   2.3 |       6 |      46 |  11.5 |  2471
               +---------+---------+-------+---------+---------+-------+---------
           D:1 |       4 |      29 |  12.1 |       3 |      16 |  15.8 |  1020
           D:2 |       4 |     307 |   1.3 |       3 |      30 |   9.1 |  1451
               +---------+---------+-------+---------+---------+-------+---------
